 Dungeon Crawl Stone Soup version 0.29.0-13-gc9e81de378 (webtiles) character file.

Game seed: 838409934982149675

131 freelancePsychic the Chopper (level 5, -4/47 HPs)
             Began as a Meteoran Fighter on Sept 11, 2022.
             Killed by nerve-wracking pain
             ... invoked by an orc priest
              (10 damage)
             ... on level 3 of the Dungeon.
             The game lasted 00:04:02 (515 turns).

freelancePsychic the Chopper (Meteoran Fighter)      Turns: 515, Time: 00:04:02

Health: -4/47      AC:  9    Str: 20    XL:     5   Next: 65%
Magic:  6/6        EV:  9    Int:  9    God:
Gold:   51         SH:  5    Dex: 13    Spells: 4/4 levels left

rFire   . . .      SeeInvis .   h - +4 whip (drain)
rCold   . . .      Faith    .   c - +0 buckler
rNeg    . . .      Spirit   .   b - +0 scale mail
rPois   .          Reflect  .   m - +0 helmet
rElec   .          Harm     .   p - +0 cloak
rCorr   .          Rampage  .   (no gloves)
Will    .....                   (no boots)
Stlth   ..........              (no amulet)
HPRegen 0.15/turn               (no ring)
MPRegen 0.10/turn               (no ring)

@: glowing
A: sense surroundings 1, otherworldly, glowing, explore regen
a: no special abilities


You were on level 3 of the Dungeon.
You visited 1 branch of the dungeon, and saw 4 of its levels.

You collected 51 gold pieces.

Inventory:

Hand Weapons
 a - a +0 war axe
 h - a +4 whip of draining (weapon)
Missiles
 i - 2 javelins (quivered)
Armour
 b - a +0 scale mail (worn)
 c - a +0 buckler (worn)
 m - a +0 helmet (worn)
 o - the -2 pair of gloves "Uroyn" {rC+ Int+3}
   (You found it on level 2 of the Dungeon)

   Int:       It affects your intelligence (+3).
   rC:        It protects you from cold.
 p - a +0 cloak (worn)
Scrolls
 e - 2 scrolls of blinking
 f - a scroll of teleportation {@r4}
 g - a scroll of vulnerability
 j - a scroll of immolation {unknown}
 l - a scroll of enchant armour {unknown}
Potions
 d - a potion of might
 k - a potion of attraction
 n - a potion of mutation


   Skills:
 + Level 4.4 Fighting
 * Level 5.2 Axes
 - Level 3.6 Armour
 - Level 3.6 Shields


You had 4 spell levels left.
You didn't know any spells.
Your spell library was empty.

Dungeon Overview and Level Annotations

Branches:
Dungeon (4/15) Zot: 1872
 Temple: D:4-7

Altars:

Annotations:
D:1 1 transporter


Innate Abilities, Weirdness & Mutations

You passively map a small area around you.
You are easily found by Zot.
You glow in the dark.
You regain HP and MP as you explore.


Message History

You hear a shout!
The orc hits you from afar with a +0 trident.
The orc hits you with a +0 falchion.
You whack the orc!
You kill the orc!
The orc hits you but does no damage.
You hit the orc.
The orc is lightly wounded.
The orc hits you from afar with a +0 trident.
You hit the orc but do no damage. You drain the orc.
The orc is heavily wounded.
The orc hits you with a +0 whip. The kobold hits you but does no damage.
The orc hits you from afar with a +0 trident.
The orc priest hits you but does no damage.
The orc hits you but does no damage. The kobold hits you but does no damage.
The orc hits you from afar with a +0 trident.
You climb upwards.
There is a stone staircase leading down here.
You hit the orc priest.
The orc priest is lightly wounded.
The orc hits you with a +0 whip.
The orc priest hits you with a +0 hand axe.
The kobold hits you but does no damage.
You hit the orc priest.
The orc priest is moderately wounded.
The orc hits you with a +0 whip.
The orc priest mumbles some strange prayers to Beogh against you.
Beogh smites you!
* * * LOW HITPOINT WARNING * * *
The kobold hits you but does no damage.
You hit the orc priest.
The orc priest is moderately wounded.
The orc completely misses you. The orc priest barely misses you.
The kobold barely misses you.
You closely miss the orc priest.
The orc priest is moderately wounded.
The orc completely misses you.
The orc priest invokes the aid of Beogh against you.
Pain shoots through your body!
You die...

*, * ............. , *
...###.##### , #.##..
#.##... , * * #.#
#..#.##.## ** #.# #.#.#
# , #####.# #...##.## *
# , ##..##.######......
,
#..##8..8#.#......##.##
#.....@o...#.####### #*
#....Ko..)..........,
##.##8..8###........ #,
##..###......... , * *
#### #......... , , ,
#..####### , ,
...###..# , , ........#
* , ,...###..#


You could see an orc priest, an orc (very drained) and a kobold.

Vanquished Creatures
  Crazy Yiuf (D:2)
  An iguana (D:4)
  Robin (D:2)
  An adder (D:3)
  2 worms (D:2)
  8 orcs
  An endoplasm (D:1)
  2 giant cockroaches
  7 goblins
  8 hobgoblins
  2 kobolds
  2 quokkas (D:2)
  2 ball pythons (D:1)
  A rat (D:3)
39 creatures vanquished.

Vanquished Creatures (others)
  A fungus (D:2)
1 creature vanquished.

Grand Total: 40 creatures vanquished

Notes
Turn   | Place    | Note
-------+----------+-------------------------------------------
     0 | D:1      | freelancePsychic the Meteoran Fighter began the quest for
                  | the Orb.
     0 | D:1      | Reached XP level 1. HP: 19/19 MP: 2/2
    61 | D:1      | Reached XP level 2. HP: 26/26 MP: 3/3
    63 | D:1      | Reached skill level 3 in Axes
   134 | D:2      | Noticed Robin
   150 | D:2      | Reached XP level 3. HP: 28/31 MP: 4/4
   154 | D:2      | Killed Robin
   195 | D:2      | Reached skill level 4 in Axes
   230 | D:2      | Reached XP level 4. HP: 40/40 MP: 5/5
   273 | D:2      | Identified the -2 pair of gloves "Uroyn" {rC+ Int+3}
   294 | D:2      | Found a runed translucent door.
   295 | D:2      | Noticed Crazy Yiuf
   304 | D:2      | Killed Crazy Yiuf
   348 | D:3      | Reached XP level 5. HP: 43/46 MP: 6/6
   506 | D:4      | Reached skill level 5 in Axes
   515 | D:3      | Killed from afar by an orc priest

Illustrated notes

Levels and vault maps discovered:
D:1:      spicycebolla_arrival_transporter_tutorial, layout_loops_ring,
          shapermc_ecumenical_altar_mp_ritualfount, minmay_lizard_king
D:2:      layout_loops_cross, grunt_ministairs_15, uniq_robin,
          uniq_crazy_yiuf_cottage
D:3:      layout_basic, st_stairs_6
D:4:      kennysheep_the_goblin_king, layout_rooms,
          mainiacjoe_overflow_tiny_flanked

Skill      XL: |  1  2  3  4  5 |
---------------+----------------+-----
Axes           | 3 4 5 |  5.2
Fighting       | 4 |  4.4
Armour         | |  3.6
Shields        | |  3.6

Action                   |  1- 3 |  4- 6 || total
-------------------------+-------+-------++-------
Melee: War axe           |    24 |       ||    24
       Whip              |    29 |    50 ||    79
  Use: Scroll            |     3 |     3 ||     6
Armor: Scale mail        |    19 |    21 ||    40
Dodge: Dodged            |    12 |    16 ||    28
Block: Buckler           |    13 |     6 ||    19
